 Dungeon Crawl Stone Soup version 0.28-a0-932-g843f935a50 (webtiles) character file.

Game seed: 9249628164541484997

9 bearlyready the Chopper (level 2, 0/26 HPs)
             Began as a Hill Orc Monk on Nov 28, 2021.
             Slain by a jackal (2 damage)
             ... on level 1 of the Dungeon.
             The game lasted 00:01:14 (268 turns).

bearlyready the Chopper (Hill Orc Monk)              Turns: 268, Time: 00:01:15

Health: 0/26       AC:  2    Str: 13    XL:     2   Next: 12%
Magic:  2/2        EV: 12    Int: 10    God:
Gold:   15         SH:  0    Dex: 13    Spells: 1/1 levels left

rFire   . . .      SeeInvis .   a - +0 hand axe
rCold   . . .      Faith    .   (no shield)
rNeg    . . .      Spirit   .   c - +0 robe
rPois   .          Reflect  .   (no helmet)
rElec   .          Harm     .   (no cloak)
rCorr   .          Rampage  .   (no gloves)
Will    .....                   (no boots)
Stlth   ++........              (no amulet)
HPRegen 0.08/turn               (no ring)
MPRegen 0.08/turn               (no ring)

@: no status effects
A: no striking features
a: no special abilities


You were on level 1 of the Dungeon.
You visited 1 branch of the dungeon, and saw 1 of its levels.

You collected 15 gold pieces.

Inventory:

Hand Weapons
 a - a +0 hand axe (weapon)
 b - a +0 hunting sling
Missiles
 d - 57 stones (quivered)
Armour
 c - a +0 robe (worn)


   Skills:
 - Level 3.6 Fighting
 + Level 4.7 Axes
 + Level 0.2 Slings
 - Level 2.4 Dodging
 - Level 1.5 Stealth


You had one spell level left.
You didn't know any spells.
Your spell library was empty.

Dungeon Overview and Level Annotations

Branches:
Dungeon (1/15)

Altars:


Message History

You slash the jackal!
You kill the jackal!
The jackal bites you.
You miss the jackal. The jackal bites you. x2
You barely miss the jackal.
The jackal bites you but does no damage.
Search for what [? for help]? trap Unknown command.
Search for what [Enter for "trap", or ? for help]?
Unknown command.
Unknown command.
You hit the jackal but do no damage. The jackal bites you.
* * * LOW HITPOINT WARNING * * *
The jackal closely misses you. The jackal bites you.
* * * LOW HITPOINT WARNING * * *
Your hearing returns.
The jackal barely misses you. The jackal barely misses you.
Found 11 gold pieces.
The jackal barely misses you. The jackal bites you.
* * * LOW HITPOINT WARNING * * *
The jackal bites you.
* * * LOW HITPOINT WARNING * * *
The jackal misses you. The jackal barely misses you.
The jackal closely misses you.
The jackal bites you but does no damage.
The jackal barely misses you. The jackal barely misses you.
The jackal bites you.
* * * LOW HITPOINT WARNING * * *
The jackal barely misses you.
The jackal bites you but does no damage.
The jackal bites you.
* * * LOW HITPOINT WARNING * * *
The jackal barely misses you. The jackal closely misses you.
The jackal bites you.
You die...

#.#.### #..>.####
#..#....# ##...##.#
##h###.# #h# #.# #.#
#.# #h# #.# #@# #.#
#######.###.##
.............#
..........##.## #
#########.##..####.≈#
###..........≈#
#....<#.....≈≈#
#.#..##...≈≈≈≈#
#.......≈≈≈≈≈≈#


You could see 3 jackals.

Vanquished Creatures
  A dart slug (D:1)
  An endoplasm (D:1)
  A hobgoblin (D:1)
  2 jackals (D:1)
  A bat (D:1)
6 creatures vanquished.

Notes
Turn   | Place    | Note
-------+----------+-------------------------------------------
     0 | D:1      | bearlyready the Hill Orc Monk began the quest for the Orb.
     0 | D:1      | Reached XP level 1. HP: 19/19 MP: 1/1
   204 | D:1      | Reached XP level 2. HP: 18/26 MP: 2/2
   235 | D:1      | HP: 1/26 [jackal (1)]
   262 | D:1      | HP: 1/26 [jackal (1)]
   268 | D:1      | Slain by a jackal

Illustrated notes

Levels and vault maps discovered:
D:1:      dpeg_arrival_water_altar, layout_loops_ring,
          shapermc_ecumenical_altar_hornbeckon, serial_park_tiny_2

Action                   || total
-------------------------++-------
Melee: Hand axe          ||    23
 Fire: Hunting sling     ||     8
  Use: Scroll            ||     1
Armor: Robe              ||     6
Dodge: Dodged            ||    24

Table legend: (Time is in decaauts)
 A = Elapsed time spent in this place.
 B = Non-inter-level travel time spent in this place.
 C = Inter-level travel time spent in this place.
 D = Time resting spent in this place.
 E = Time spent auto-exploring this place.
 F = Levels seen in this place.
 G = Mean time per level.
                   A        B        C        D        E       F      G
               +--------+--------+--------+--------+--------+-----+--------+
         Total |    269 |    269 |      0 |      0 |    157 |   1 |  269.0 |
       Dungeon |    269 |    269 |      0 |      0 |    157 |   1 |  269.0 |
               +--------+--------+--------+--------+--------+-----+--------+

Top non-repeatable levels by time:
     D:1: 269 daAuts
